Workbook
Name Excel_BuiltIn_Print_Area: #REF!

Sheet MATRIZ DE RIESGOS
A1: FORMATO | O1: IDENTIFICACION Y COBERTURA DEL RIESGO
O2: 1. CONTEXTO DEL PROCESO DE CONTRATACIÓN:
A3: MATRIZ DE RIESGOS DEL PROCESO DE CONTRATACIÓN | O3: =+'ANEXO A'!O1:X1 -> TIPO DE PROCESO: MINIMA CUANTÍA
O4: =+'ANEXO A'!O2:X2 -> Adquisición de ayudas humanitarias para apoyar a los afectados por los eventos naturales en el distrito de Santa Cruz De Mompox, Bolívar
O5: PRESUPUESTO OFICIAL: | U5: ='ANEXO A'!$Q$3 -> 49000000
O6: PRESUPUESTO OFICIAL EN LETRAS: | U6: ='ANEXO A'!$Q$4 -> CUARENTA Y NUEVE MILLONES DE PESOS M/CTE
O7: LUGAR DE EJECUCION: | U7: ='ANEXO A'!$Q$5 -> DISTRITO DE SANTA CRUZ DE MOMPOX
A9: 2. IDENTIFICACION Y CLASIFICACION DE LOS RIESGOS
A10: Para la identificación Riesgos se tuvo en cuenta la clasificación de clase, fuente, etapa del proceso y tipo de riesgo definidos en el “Manual para la identificación y Cobertura del riesgo en los Procesos de Contratación” expedido por Colombia Compra Eficiente y el Eficiente y el Documento CONPES 3714 de 2011, los siguientes aspectos: a) los eventos que pueden afectar la adjudicación y firma del contrato como resultado del proceso de contratación, b) los eventos que pueden alterara la ejecución del contrato, c) eventos que pueden afectar el equilibrio económico del contrato, d) eventos previsibles que pueden impedir que la Entidad satisfaga la necesidad motivo de la contratación.
A11: 3. EVALUACIÓN Y CALIFICACION DEL RIESGO
A12: Para la Evaluación y la clasificación del Riesgo se tuvo en cuenta los lineamientos establecidos en el “Manual para la identificación y Cobertura del riesgo en los Procesos de Contratación” expedido por Colombia Compra Eficiente y el Eficiente. (Ver anexo A)
A13: 4. ASIGNACION Y TRATAMIENTO DE LOS RIESGOS
T14: Tratamiento / Controles a Seguir Implementando | Z14: Impacto Después Del Tratamiento | AD14: Persona Responsable Por Implementar El Tratamiento | AE14: Fecha (Inicio del Tratamiento) | AF14: Fecha (Tratamiento Completo) | AG14: Monitoreo Y Revisión
B15: No. | C15: Clase | D15: Fuente | E15: Etapa | F15: Tipo | G15: Descripción (Qué puede pasar y cómo puede ocurrir) | K15: Consecuencia de la ocurrencia del riesgo | O15: Probabilidad | P15: Impacto | Q15: Valoración del Riesgo (No.) | R15: Categoría | S15: ¿A quién se le asigna? | Z15: Probabilidad | AA15: Impacto | AB15: Valoración | AC15: Categoría | AG15: ¿Cómo se realiza el monitoreo? | AI15: Periodicidad ¿cuando?
B16: 1 | C16: General | D16: Interno | E16: Planeación | F16: Operacional | G16: Especificaciones solicitadas por fuera del alcance de los interesados a presentarse | K16: Afecta la obtención o cubrimiento de las necesidades requeridas en el objeto contractual. | O16: 2 | P16: 2 | Q16: =+O16+P16 -> 4 | R16: Bajo | S16: Entidad | T16: Planeación, revisión, ajuste y seguimiento en la fase precontractual. En caso de que el error sea detectado en la etapa contractual se verificará con el área jurídica como proceder. | Z16: 1 | AA16: 1 | AB16: =+Z16+AA16 -> 2 | AC16: Bajo | AD16: Entidad | AE16: Planeación | AF16: Contratación | AG16: Revisión por parte del equipo de contratación - UIC | AI16: Diario - Durante el proceso de planeacion
B17: 2 | C17: General | D17: Interno | E17: Planeación | F17: Operacional | G17: Realización incompleta o inoportuna del estudio de mercado | K17: Afecta la proyección del presupuesto, la selección de la modalidad de contratación y la verificación en el mercado de la existencia de los ítems, a adquirir en las condiciones estipuladas | O17: 2 | P17: 2 | Q17: =+O17+P17 -> 4 | R17: Bajo | S17: Entidad | T17: Planeación, revisión, ajuste y seguimiento en la fase precontractual. En caso de que el error sea detectado en la etapa contractual se verificará con el área jurídica como proceder. | Z17: 1 | AA17: 1 | AB17: =+Z17+AA17 -> 2 | AC17: Bajo | AD17: Entidad | AE17: Planeación | AF17: Contratación | AG17: Revisión por parte del equipo de contratación - UIC | AI17: Diario - Durante el proceso de planeacion
B18: 3 | C18: General | D18: Interno | E18: Planeación | F18: Operacional | G18: Errores involuntarios que hayan quedado en el anexo tecnico, minuta del contrato, unidades, Cantidades, especificaciones, descripción del proyecto y/o estudios previos, operaciones aritméticas, etc. | K18: Demoras en la contratación y por ende demoras en la ejecución de las actividades objeto del presente proceso de selección. | O18: 2 | P18: 5 | Q18: =+O18+P18 -> 7 | R18: Alto | S18: Entidad | T18: Planeación, revisión, ajuste y seguimiento en la fase precontractual. En caso de que el error sea detectado en la etapa contractual se verificará con el área jurídica como proceder. | Z18: 1 | AA18: 2 | AB18: =+Z18+AA18 -> 3 | AC18: Bajo | AD18: Entidad | AE18: Planeación | AF18: Contratación | AG18: Revisión por parte del equipo de contratación - UIC | AI18: Diario - Durante el proceso de planeacion
B19: 4 | C19: Específico | D19: Externo | E19: Planeación | F19: Operacional | G19: Intervención de otras Entidades: hace referencia a la falta de coordinación institucional cuando algunas actividades o cantidades de obra a ejecutar, dependen de la intervención y/o decisión de otras entidades diferentes a LA ENTIDAD o el Contratista, serán asumidas en partes iguales siempre que la gestión de la obra deba coadyuvarla el Distrito | K19: Mayores costos y plazos | O19: 3 | P19: 3 | Q19: =+O19+P19 -> 6 | R19: Alto | S19: Contratista/Entidad | T19: Planeación debida del contrato y previsibilidad de intervención de terceros. | Z19: 1 | AA19: 2 | AB19: =+Z19+AA19 -> 3 | AC19: Bajo | AD19: Contratista/Entidad | AE19: Planeación | AF19: Ejecución | AG19: Supervisión, reuniones períodicas supervision - Contratista. | AI19: Diario durante el proceso de ejecución.
B20: 5 | C20: General | D20: Interno | E20: Planeación | F20: Operacional | G20: Riesgo presentado por la demora en la asignacion de la supervision. | K20: Mayores costos y plazos - deficiencias en el control y calidad de actividades. | O20: 1 | P20: 3 | Q20: =+O20+P20 -> 4 | R20: Bajo | S20: Entidad | T20: Asignar de manera oportuna el supervisor del contrato objeto del presente proceso de seleccion para ejercer control permanente durante la ejecucion de las actividades, solicitar informes semanales al contratista. | Z20: 1 | AA20: 2 | AB20: =+Z20+AA20 -> 3 | AC20: Bajo | AD20: Entidad | AE20: Contratación | AF20: Ejecución | AG20: Revisión por parte del equipo de contratación - UIC, si el contrato del presente proceso de seleccion tiene asignao supervisión. | AI20: Por una solo vez, previo al inicio de ejecución.
B21: 6 | C21: General | D21: Externo | E21: Planeación | F21: Operacional | G21: Soborno/ Cohecho: ofrecer, prometer, dar o aceptar regalos, invitaciones o favores (hospitalidades) a cambio de realizar u omitir un acto inherente a su cargo en el presente proceso de selección. | K21: Impacto negativo por efectos en la ejecución de las actividades objeto del presente proceso de seleccion; procesos disciplinarios, de responsabilidad fiscal y penales por parte de la autoridad competente. Relación directa con riesgo reputacional. | O21: 2 | P21: 3 | Q21: =+O21+P21 -> 5 | R21: Medio | S21: Contratista/Entidad | T21: Adopción y aplicación de Pliegos Tipo en los términos del Decreto 342 de 2019. Adopcion de la ley 1474 de 2011 y de la Ley 599/2000 codigo penal. | Z21: 1 | AA21: 1 | AB21: =+Z21+AA21 -> 2 | AC21: Bajo | AD21: Entidad | AE21: Planeación | AF21: Ejecución | AG21: A partir de la detección de las acciones se toman las medidas a seguir. | AI21: Cuando se presenta el evento
B22: 7 | C22: General | D22: Externo | E22: Planeación | F22: Operacional | G22: Uso indebido de información: omisión, falsificación, sustitución, adulteración de documentación. | K22: Genera alteraciones al mercado y a la libre competencia impidiendo escoger la mejor oferta para la Entidad. Impacto negativo en el cumplimiento del objeto contractual. Impacto negativo por efectos en la ejecución de las actividades objeto del presente proceso; procesos de responsabilidad fiscal y penales por parte de la autoridad competente | O22: 2 | P22: 4 | Q22: =+O22+P22 -> 6 | R22: Alto | S22: Contratista/Entidad | T22: Verificación objetiva, responsable y detallada de los documentos que conforman el proceso. | Z22: 1 | AA22: 1 | AB22: =+Z22+AA22 -> 2 | AC22: Bajo | AD22: Entidad | AE22: Planeación | AF22: Ejecución | AG22: A partir de la detección de las acciones se toman las medidas a seguir. | AI22: Cuando se presenta el evento
B23: 8 | C23: General | D23: Interno | E23: Planeación | F23: Operacional | G23: Malversación de fondos: empleo de recursos a una destinación diferente al establecido por la entidad contratante. | K23: Impacto negativo por efectos en la ejecución de las actividades objeto del presente proceso de seleccion; procesos disciplinarios, de responsabilidad fiscal y penales por parte de la autoridad competente. Relación directa con riesgo reputacional y riesgo financiero. | O23: 3 | P23: 4 | Q23: =+O23+P23 -> 7 | R23: Alto | S23: Contratista/Entidad | T23: Adopcion y aplicación de la ley 1474 de 2011 y de la Ley 599/2000 codigo penal. Control financiero de la supervisión al contratista en el cumplimiento de sus obligaciones. | Z23: 1 | AA23: 1 | AB23: =+Z23+AA23 -> 2 | AC23: Bajo | AD23: Entidad | AE23: Al inicio de la ejecución del contrato | AF23: A la terminación de la ejecución del contrato | AG23: A partir de la detección de las acciones se toman las medidas a seguir. | AI23: Cuando se presenta el evento
B24: 9 | C24: General | D24: Interno | E24: Planeación | F24: Operacional | G24: Concusión: solicitud de cobros injustificados y arbitrarios que exige o hace pagar un funcionario o contratista en provecho propio. Solicitud de cobro adicional por instalación anticipada de servicios o agilización de trámites. Solicitud de cobro por parte del administrador de contratos hacia el contratista por realizar u omitir actividades del proceso. | K24: Impacto negativo por efectos en la ejecución de las actividades objeto del presente proceso de seleccion; procesos disciplinarios, de responsabilidad fiscal y penales por parte de la autoridad competente. Relación directa con riesgo reputacional y riesgo financiero. | O24: 2 | P24: 4 | Q24: =+O24+P24 -> 6 | R24: Alto | S24: Contratista/Entidad | T24: Adopcion y aplicación de la ley 1474 de 2011 y de la Ley 599/2000 codigo penal. Control financiero de la supervisión al contratista en el cumplimiento de sus obligaciones. | Z24: 1 | AA24: 1 | AB24: =+Z24+AA24 -> 2 | AC24: Bajo | AD24: Entidad | AE24: Planeación | AF24: Ejecución | AG24: A partir de la detección de las acciones se toman las medidas a seguir. | AI24: Cuando se presenta el evento
B25: 10 | C25: General | D25: Externo | E25: Planeación | F25: Operacional | G25: Conflicto de intereses: situación que pueda restar independencia, equidad, u objetividad en las actuaciones o que puedan llevar a adoptar decisiones o a ejecutar actos que vayan en beneficio propio o de terceros y en detrimento de los intereses de la Entidad. | K25: Posible afectación a los principios que rigen la función pública y obstrucción en el desarrollo idoneo del proceso contractual. Relación directa con riesgo reputacional. | O25: 2 | P25: 3 | Q25: =+O25+P25 -> 5 | R25: Medio | S25: Contratista/Entidad | T25: Adopción y aplicación de Pliegos Tipo en los términos del Decreto 342 de 2019.Adopcion y aplicación de la ley 1474 de 2011 y de la Ley 599/2000 codigo penal. | Z25: 1 | AA25: 1 | AB25: =+Z25+AA25 -> 2 | AC25: Bajo | AD25: Entidad - Contratista | AE25: Planeación | AF25: Ejecución | AG25: A partir de la detección de las acciones se toman las medidas a seguir. | AI25: Cuando se presenta el evento
B26: 11 | C26: General | D26: Externo | E26: Selección | F26: Operacional | G26: Colusión: pacto o confabulación que acuerdan dos o más personas u organizaciones con el fin de perjudicar a un tercero o limitar la libre competencia de los mercados. | K26: Genera alteraciones al mercado y a la libre competencia impidiendo escoger la mejor oferta para la Entidad. Impacto negativo en el cumplimiento del objeto contractual. Impacto negativo por efectos en la ejecución del contrato; procesos disciplinarios, de responsabilidad fiscal y penales por parte de la autoridad competente. Relación directa con riesgo reputacional. | O26: 3 | P26: 4 | Q26: =+O26+P26 -> 7 | R26: Alto | S26: Contratista | T26: Estricta atención a los indicios que según la SIC configuran colusión en los procesos de selección. Adopcion y aplicación de la ley 1474 de 2011 y de la Ley 599/2000 codigo penal. | Z26: 1 | AA26: 1 | AB26: =+Z26+AA26 -> 2 | AC26: Bajo | AD26: Entidad | AE26: Planeación | AF26: Ejecución | AG26: A partir de la detección de las acciones se toman las medidas a seguir. | AI26: Cuando se presenta el evento
B27: 12 | C27: General | D27: Interno | E27: Selección | F27: Operacional | G27: Nepotismo: uso inadecuado del poder con el fin de dar preferencia para la adjudicación del contrato a familiares o amigos sin importar el mérito para adjudicar el contrato. | K27: Posible afectación a los principios que rigen la función pública y obstrucción en el desarrollo idoneo del proceso contractual. Obstrucción real a la selección objetiva. Relación directa con riesgo reputacional. | O27: 2 | P27: 3 | Q27: =+O27+P27 -> 5 | R27: Medio | S27: Entidad | T27: Adopcion y aplicación de la ley 1474 de 2011 y de la Ley 1952/2000 codigo disciplinario. Control y vigilancia de la supervisión al contratista en el cumplimiento de sus obligaciones. | Z27: 1 | AA27: 1 | AB27: =+Z27+AA27 -> 2 | AC27: Bajo | AD27: Entidad | AE27: Planeación | AF27: Ejecución | AG27: A partir de la detección de las acciones se toman las medidas a seguir. | AI27: Cuando se presenta el evento
... B36: 21 | C36: Específico | D36: Externo | E36: Ejecución | F36: Operacional | G36: Atrasos por falta de recursos logísticos, equipos y maquinarias con las especificaciones y caracteristicas tecnicas exigidas para la adecuada ejecución de las actividades objeto del presente proceso de selección. | K36: Dificulta de manera grave el cumplimiento del objeto del contrato. | O36: 2 | P36: 5 | Q36: =+O36+P36 -> 7 | R36: Alto | S36: Contratista | T36: Señalar en los estudios previos, anexo tecnico y minuta del contrato interadministrativo del presente proceso de seleccion requisitos habiltantes financieros y tecnicos que permitan la escogencia de un oferente con capacidad financiera, tecnica y organizacional para ejecutar el contrato. Ssupervisión y control permanente durante la ejecucion del contrato, solicitar informes semanales para poder verificar el cumplimiento de las obligaciones contractuales y el plan de trabajo presentado de acuerdo a la oferta economica y disponibilidad de equipos. | Z36: 1 | AA36: 2 | AB36: =+Z36+AA36 -> 3 | AC36: Bajo | AD36: Entidad -Supervisor | AE36: Contratación | AF36: A la liquidación del contrato | AG36: Supervision y reuniones períodicas con el contratista. | AI36: Semanal
B37: 22 | C37: General | D37: Externo | E37: Ejecución | F37: Operacional | G37: Configuración de circunstancias externas que impiden el cumplimiento de las obligaciones contractuales | K37: Dificultad para entregar las actividades y/ o intervenciones requeridas en los tiempos estipulados. | O37: 2 | P37: 3 | Q37: =+O37+P37 -> 5 | R37: Medio | S37: Contratista/Entidad | T37: 1. Identificación por parte de la supervisión del contrato y el contratista de las circunstancias externas que impiden el cumplimiento de las obligaciones, y plantear las alternativas de solución que permitan alcanzar lo plasmado en el contrato. 2. En caso de que sea necesario, deberá ser ampliado el plazo de ejecución del contrato mediante otrosí con el fin permitir superar las circunstancias externas. | U37: 1. Identificación por parte de la supervisión del contrato y el contratista de las circunstancias externas que impiden el cumplimiento de las obligaciones, y plantear las alternativas de solución que permitan alcanzar lo planteado en el contrato. 2. En caso de que sea necesario, deberá ser ampliado el plazo de ejecución del contrato mediante otrosí con el fin permitir superar las | V37: 1. Identificación por parte de la supervisión del contrato y el contratista de las circunstancias externas que impiden el cumplimiento de las obligaciones, y plantear las alternativas de solución que permitan alcanzar lo planteado en el contrato. 2. En caso de que sea necesario, deberá ser ampliado el plazo de ejecución del contrato mediante otrosí con el fin permitir superar las | W37: 1. Identificación por parte de la supervisión del contrato y el contratista de las circunstancias externas que impiden el cumplimiento de las obligaciones, y plantear las alternativas de solución que permitan alcanzar lo planteado en el contrato. 2. En caso de que sea necesario, deberá ser ampliado el plazo de ejecución del contrato mediante otrosí con el fin permitir superar las | X37: 1. Identificación por parte de la supervisión del contrato y el contratista de las circunstancias externas que impiden el cumplimiento de las obligaciones, y plantear las alternativas de solución que permitan alcanzar lo planteado en el contrato. 2. En caso de que sea necesario, deberá ser ampliado el plazo de ejecución del contrato mediante otrosí con el fin permitir superar las | Y37: 1. Identificación por parte de la supervisión del contrato y el contratista de las circunstancias externas que impiden el cumplimiento de las obligaciones, y plantear las alternativas de solución que permitan alcanzar lo planteado en el contrato. 2. En caso de que sea necesario, deberá ser ampliado el plazo de ejecución del contrato mediante otrosí con el fin permitir superar las | Z37: 1 | AA37: 2 | AB37: =+Z37+AA37 -> 3 | AC37: Bajo | AD37: Entidad/ Supervision/ Contratista | AE37: Al inicio de la ejecución del contrato | AF37: Superación de circunstancias externas | AG37: La Supervisión debe efectuar seguimiento, control y vigilancia permanente y realizar reuniones períodicas con la supervision y el Contratista. | AI37: Semanal
B38: 23 | C38: Específico | D38: Interno | E38: Ejecución | F38: Operacional | G38: Riesgo por autorizar y/o aprobar el personal del CONTRATISTA DE OBRA, sin que cumpla requisitos de acuerdo con las exigencias del presente proceso de seleccion y la normatividad vigente. Por permitir que el CONTRATISTA de Obra ejecute los trabajos sin un Ingeniero Residente y/o Director, y/o Especialistas, y/o Personal Profesional, HSEQ o Siso debidamente aprobado. | K38: Deficiencia en la ejecución de las obras, por no contar el Contratista con el personal profesional idóneo requerido de acuerdo con lo estipulado en el anexo tecnico y estudios previos del presente proceso de selección. | O38: 2 | P38: 5 | Q38: =+O38+P38 -> 7 | R38: Alto | S38: Entidad/Supervisor | T38: El Supervisor asignado debe exigir el estricto cumplimiento de los requisitos para el personal profesional de la obra establecido en el anexo tecnico y estudios previos del presente proceso de selección y velar por la utilización del personal aprobado, mínimo con la dedicación prevista en el mismo. El supervisor del Contrato deberá observar cualquier irregularidad al respecto cuando la advierta, exigiéndole el cumplimiento de sus obligaciones al contratista. | U38: Acompañamiento desde el área jurídica respecto al proceder que se debe implementar en caso de la materialización del riesgo | V38: Acompañamiento desde el área jurídica respecto al proceder que se debe implementar en caso de la materialización del riesgo | W38: Acompañamiento desde el área jurídica respecto al proceder que se debe implementar en caso de la materialización del riesgo | X38: Acompañamiento desde el área jurídica respecto al proceder que se debe implementar en caso de la materialización del riesgo | Y38: Acompañamiento desde el área jurídica respecto al proceder que se debe implementar en caso de la materialización del riesgo | Z38: 1 | AA38: 2 | AB38: =+Z38+AA38 -> 3 | AC38: Bajo | AD38: Entidad/ Supervisor/ Contratista | AE38: Al inicio de la ejecución del contrato | AF38: A la terminación de la ejecución del contrato | AG38: Control y vigilancia permanente del Supervisor a la ejecución de la obra, de manera que el Contratista cumpla, entre otros, con el personal profesional mínimo exigido en el anexo tecnico y estudios previos, tanto en idoneidad como en dedicación. Reuniones períodicas supervision y Contratista de obra. | AI38: Semanal
B39: 24 | C39: General | D39: Interno | E39: Ejecución | F39: Operacional | G39: Riesgo por deficiencias en el control y seguimiento a la señalización preventiva en obra, y de seguridad industrial y de señalización y dotación de los operarios y trabajadores ,etc., a cargo del CONTRATISTA que pueda ocasionar accidentes y/o perjuicios, que debió ser observada y corregida por el Supervisor. Que se apliquen a el tipo de obra objeto del presente proceso de seleccion | K39: Impacto Negativo en el proyecto por la probable ocurrencia de accidentes de usuarios del sitio objeto del presente proceso de selección y/o estructura objeto de ejecución, y trabajadores de la obra, Inconformidad con la obra por parte de la comunidad. | L39: Demoras en la prestación del servicio o en la adquisición de los elementos requeridos por parte del cliente. Incumplimiento del contrato | M39: Demoras en la prestación del servicio o en la adquisición de los elementos requeridos por parte del cliente. Incumplimiento del contrato | N39: Demoras en la prestación del servicio o en la adquisición de los elementos requeridos por parte del cliente. Incumplimiento del contrato | O39: 3 | P39: 2 | Q39: =+O39+P39 -> 5 | R39: Medio | S39: Entidad/Supervisor | T39: El Supervisor debe exigir el estricto cumplimiento de la normatividad vigente sobre señalización temporal de obras y seguridad industrial, cumplimiento de las medidas estrictas de seguridad requeridas para el tipo de obra objeto del presente proceso de selección, verificar permanentemente su implementación, recurrir a medidas sancionatorias contractuales de ser necesario. | U39: 1. Se establecen alternativas de solución para la entrega oportuna de los ítems adquirido o de la prestación del servicio 2. Se requiere al contratista en caso de que se evidencie que se están presentando demoras en la entrega de los elementos contratos. 3. Se informa a la aseguradora los requerimientos realizados al contratista. | V39: 1. Se establecen alternativas de solución para la entrega oportuna de los ítems adquirido o de la prestación del servicio 2. Se requiere al contratista en caso de que se evidencie que se están presentando demoras en la entrega de los elementos contratos. 3. Se informa a la aseguradora los requerimientos realizados al contratista. | W39: 1. Se establecen alternativas de solución para la entrega oportuna de los ítems adquirido o de la prestación del servicio 2. Se requiere al contratista en caso de que se evidencie que se están presentando demoras en la entrega de los elementos contratos. 3. Se informa a la aseguradora los requerimientos realizados al contratista. | X39: 1. Se establecen alternativas de solución para la entrega oportuna de los ítems adquirido o de la prestación del servicio 2. Se requiere al contratista en caso de que se evidencie que se están presentando demoras en la entrega de los elementos contratos. 3. Se informa a la aseguradora los requerimientos realizados al contratista. | Y39: 1. Se establecen alternativas de solución para la entrega oportuna de los ítems adquirido o de la prestación del servicio 2. Se requiere al contratista en caso de que se evidencie que se están presentando demoras en la entrega de los elementos contratos. 3. Se informa a la aseguradora los requerimientos realizados al contratista. | Z39: 2 | AA39: 2 | AB39: =+Z39+AA39 -> 4 | AC39: Bajo | AD39: Entidad/ Supervisor/ Contratista | AE39: Al inicio de la ejecución del contrato | AF39: A la terminación de la ejecución del contrato | AG39: Inspecciones diarias del supervisor. ComitesTécnicos, Seguimiento a informes, requerimientos escritos-Retroalimentacion en los procedimientos adelantados por los responsables del tratamiento. | AI39: Diario
B40: 25 | C40: General | D40: Externo | E40: Ejecución | F40: Operacional | G40: Perjuicios causados a terceros en la ejecución del contrato. | K40: Demandas a la Entidad y al contratista por el daño causado. | L40: Repetición de sanciones o multas a la Entidad por el daño causado | M40: Repetición de sanciones o multas a la Entidad por el daño causado | N40: Repetición de sanciones o multas a la Entidad por el daño causado | O40: 3 | P40: 3 | Q40: =+O40+P40 -> 6 | R40: Alto | S40: Contratista | T40: 1. Atender los requerimientos por causa de daños causados a terceros sean allegados en el desarrollo del contrato. 2. Notificar a la aseguradora respecto al perjuicio causado en la ejecución del contrato 3. Verificar con el contratista las causas que derivaron en el perjuicio causado, y a partir de allí determinar el plan de acción a seguir. 4. Acompañamiento del área jurídica en el tratamiento de la materialización del riesgo a implementar | U40: 1. Atender los requerimientos que por causa de daños causados a terceros sean allegados en el desarrollo del contrato. 2. Notificar a la aseguradora respecto al perjuicio causado en la ejecución del contrato 3. Verificar con el contratista las causas que derivaron en el perjuicio causado, y a partir de allí determinar el plan de acción a seguir. 4. Acompañamiento del área jurídica en el tratamiento de la materialización del riesgo a implementar | V40: 1. Atender los requerimientos que por causa de daños causados a terceros sean allegados en el desarrollo del contrato. 2. Notificar a la aseguradora respecto al perjuicio causado en la ejecución del contrato 3. Verificar con el contratista las causas que derivaron en el perjuicio causado, y a partir de allí determinar el plan de acción a seguir. 4. Acompañamiento del área jurídica en el tratamiento de la materialización del riesgo a implementar | W40: 1. Atender los requerimientos que por causa de daños causados a terceros sean allegados en el desarrollo del contrato. 2. Notificar a la aseguradora respecto al perjuicio causado en la ejecución del contrato 3. Verificar con el contratista las causas que derivaron en el perjuicio causado, y a partir de allí determinar el plan de acción a seguir. 4. Acompañamiento del área jurídica en el tratamiento de la materialización del riesgo a implementar | X40: 1. Atender los requerimientos que por causa de daños causados a terceros sean allegados en el desarrollo del contrato. 2. Notificar a la aseguradora respecto al perjuicio causado en la ejecución del contrato 3. Verificar con el contratista las causas que derivaron en el perjuicio causado, y a partir de allí determinar el plan de acción a seguir. 4. Acompañamiento del área jurídica en el tratamiento de la materialización del riesgo a implementar | Y40: 1. Atender los requerimientos que por causa de daños causados a terceros sean allegados en el desarrollo del contrato. 2. Notificar a la aseguradora respecto al perjuicio causado en la ejecución del contrato 3. Verificar con el contratista las causas que derivaron en el perjuicio causado, y a partir de allí determinar el plan de acción a seguir. 4. Acompañamiento del área jurídica en el tratamiento de la materialización del riesgo a implementar | Z40: 3 | AA40: 3 | AB40: =+Z40+AA40 -> 6 | AC40: Alto | AD40: Entidad/ Supervisor/ Contratista | AE40: Al inicio de la ejecución del contrato | AF40: Superado el perjuicio a tercero | AG40: Supervisión y reuniones períodicas supervisión y Contratista de obra, arreglo y reparacion de daños causados. | AI40: Semanal
B41: 26 | C41: General | D41: Externo | E41: Ejecución | F41: Operacional | G41: Pago inoportuno por parte del CONTRATISTA, a toda clase de proveedores en relación con compras, alquileres, servicios, contratos, etc. | K41: Demandas a la Entidad y al contratista por el daño causado, Incumplimiento de los objetivos del proceso de contratación. | O41: 4 | P41: 4 | Q41: =+O41+P41 -> 8 | R41: Extremo | S41: Contratista | T41: Control, seguimiento y verificación por parte del supervisor asignado a las obligaciones del contratista. Acompañamiento desde el área jurídica respecto al proceder que se debe implementar en caso de la materialización del riesgo. Declaratoria de caducidad y del siniestro de conformidad con lo estipulado en la ley 1474/2011. | Z41: 2 | AA41: 2 | AB41: =+Z41+AA41 -> 4 | AC41: Bajo | AD41: Entidad -Supervisor | AE41: Al inicio de la ejecución del contrato | AF41: A la liquidación del contrato. | AG41: Verificacion permanente por parte de la supervision asignada. | AI41: Semanal
B42: 27 | C42: Específico | D42: Externo | E42: Ejecución | F42: Operacional | G42: Riesgo por tener en obra personal inadecuado, sin experiencia en trabajos en altura, sin que cumpla con los requisitos de acuerdo con las exigencias del presente proceso de seleccion, y la normatividad vigente. Por ejecutar los trabajos sin un Ingeniero Residente y/o Director, y/o Especialistas, y/o Personal Profesional, HSEQ o Siso debidamente aprobado. | K42: Deficiencia en la ejecución de las obras, por no contar el Contratista con el personal profesional y obrero idóneo requerido de acuerdo con lo estipulado en el anexo tecnico y estudios previos del presente proceso de selección. Mala calidad en las actividades ejecutadas. Incumplimiento del objeto contractual. | O42: 2 | P42: 5 | Q42: =+O42+P42 -> 7 | R42: Alto | S42: Contratista | T42: El Supervisor asignado debe exigir el estricto cumplimiento de los requisitos para el personal profesional y obrero de la obra establecido en el anexo tecnico y estudios previos del presente proceso de selección y velar por la utilización del personal aprobado, mínimo con la dedicación prevista en el mismo. El supervisor del Contrato deberá observar cualquier irregularidad al respecto cuando la advierta, exigiéndole el cumplimiento de sus obligaciones al contratista. | U42: Acompañamiento desde el área jurídica respecto al proceder que se debe implementar en caso de la materialización del riesgo | V42: Acompañamiento desde el área jurídica respecto al proceder que se debe implementar en caso de la materialización del riesgo | W42: Acompañamiento desde el área jurídica respecto al proceder que se debe implementar en caso de la materialización del riesgo | X42: Acompañamiento desde el área jurídica respecto al proceder que se debe implementar en caso de la materialización del riesgo | Y42: Acompañamiento desde el área jurídica respecto al proceder que se debe implementar en caso de la materialización del riesgo | Z42: 1 | AA42: 2 | AB42: =+Z42+AA42 -> 3 | AC42: Bajo | AD42: Entidad/ Supervisor/ Contratista | AE42: Al inicio de la ejecución del contrato | AF42: A la terminación de la ejecución del contrato | AG42: Control y vigilancia permanente del Supervisor a la ejecución de la obra, de manera que el Contratista cumpla, entre otros, con el personal profesional mínimo exigido en el anexo tecnico y estudios previos, tanto en idoneidad como en dedicación. Supervisión y reuniones períodicas supervision y Contratista de obra. | AI42: Semanal
B43: 28 | C43: Específico | D43: Interno | E43: Ejecución | F43: Operacional | G43: Deficiencias en el control y seguimiento a la programación de actividades en obra que pudieran llevar a obras discontínuas, inconclusas ó con problemas para garantizar la estabilidad de obra ejecutada. | K43: Obras discontínuas, inconclusas ó con problemas para garantizar la estabilidad de obra ejecutada | L43: Incumplimiento en las especificaciones técnicas exigidas | M43: Incumplimiento en las especificaciones técnicas exigidas | N43: Incumplimiento en las especificaciones técnicas exigidas | O43: 3 | P43: 4 | Q43: =+O43+P43 -> 7 | R43: Alto | S43: Contratista/Supervisor | T43: El Supervisor debe ser estricto con la programación de obras de acuerdo con el valor del contrato de obra y teniendo en cuenta las disponibilidades presupuestales anuales del mismo, de manera que cuando autorice una obra tenga la seguridad de que está financiada hasta su terminación, considerando también la continuidad en las obras ejecutadas. Revisión frecuente de la programación de obras para efectuar los ajustes necesarios con este fin. | U43: 1. Verificar las especificaciones técnicas de los elementos entregados vs los adquiridos. 2. Solicitarle al contratista el cambio de los elementos contratados en caso de que estos no cumplan con las especificaciones técnicas del proceso 3. No recibir a satisfacción los elementos contratados hasta tanto el contratista entregue conforme a lo requerido en el contrato. 4. Incluir como requisito de pago en el contrato el recibo a satisfacción de los elementos contratados por parte de la supervisión de la ESU. 5. No realizar el tramite de los pagos que se encuentren pendientes. | V43: 1. Verificar las especificaciones técnicas de los elementos entregados vs los adquiridos. 2. Solicitarle al contratista el cambio de los elementos contratados en caso de que estos no cumplan con las especificaciones técnicas del proceso 3. No recibir a satisfacción los elementos contratados hasta tanto el contratista entregue conforme a lo requerido en el contrato. 4. Incluir como requisito de pago en el contrato el recibo a satisfacción de los elementos contratados por parte de la supervisión de la ESU. 5. No realizar el tramite de los pagos que se encuentren pendientes. | W43: 1. Verificar las especificaciones técnicas de los elementos entregados vs los adquiridos. 2. Solicitarle al contratista el cambio de los elementos contratados en caso de que estos no cumplan con las especificaciones técnicas del proceso 3. No recibir a satisfacción los elementos contratados hasta tanto el contratista entregue conforme a lo requerido en el contrato. 4. Incluir como requisito de pago en el contrato el recibo a satisfacción de los elementos contratados por parte de la supervisión de la ESU. 5. No realizar el tramite de los pagos que se encuentren pendientes. | X43: 1. Verificar las especificaciones técnicas de los elementos entregados vs los adquiridos. 2. Solicitarle al contratista el cambio de los elementos contratados en caso de que estos no cumplan con las especificaciones técnicas del proceso 3. No recibir a satisfacción los elementos contratados hasta tanto el contratista entregue conforme a lo requerido en el contrato. 4. Incluir como requisito de pago en el contrato el recibo a satisfacción de los elementos contratados por parte de la supervisión de la ESU. 5. No realizar el tramite de los pagos que se encuentren pendientes. | Y43: 1. Verificar las especificaciones técnicas de los elementos entregados vs los adquiridos. 2. Solicitarle al contratista el cambio de los elementos contratados en caso de que estos no cumplan con las especificaciones técnicas del proceso 3. No recibir a satisfacción los elementos contratados hasta tanto el contratista entregue conforme a lo requerido en el contrato. 4. Incluir como requisito de pago en el contrato el recibo a satisfacción de los elementos contratados por parte de la supervisión de la ESU. 5. No realizar el tramite de los pagos que se encuentren pendientes. | Z43: 1 | AA43: 2 | AB43: =+Z43+AA43 -> 3 | AC43: Bajo | AD43: Supervisor | AE43: Al inicio de la ejecución del contrato | AF43: A la terminación de la ejecución del contrato | AG43: Seguimiento permanente del Supervisor a la ejecución de las obras en cumplimiento de la programación de las mismas. Revisiones periódicas de la programación de obras del proyecto, realización de los ajustes necesarios. Seguimiento a Informes de obra y al cumplimiento en la ejecución del programa de inversiones aprobado vigente. | AI43: Semanal o cuando el supervisor lo considere necesario.
B44: 29 | C44: Específico | D44: Interno | E44: Ejecución | F44: Operacional | G44: Riesgo por deficiencias en el control y seguimiento a los frentes obligatorios de obra. | K44: Ejecución inadecuada del proyecto, impacto negativo en el logro de las metas del alcance del proyecto | L44: Incumplimiento en las especificaciones técnicas exigidas | M44: Incumplimiento en las especificaciones técnicas exigidas | N44: Incumplimiento en las especificaciones técnicas exigidas | O44: 3 | P44: 5 | Q44: =+O44+P44 -> 8 | R44: Extremo | S44: Contratista/Supervisor | T44: El Supervisor debe exigir al Contratista de Obra los frentes obligatorios de obra y efectuar el seguimiento de manera que se cumpla la ejecución de las obras previstas en dichos frentes. | U44: 1. Verificar las especificaciones técnicas de los elementos entregados vs los adquiridos. 2. Solicitarle al contratista el cambio de los elementos contratados en caso de que estos no cumplan con las especificaciones técnicas del proceso 3. No recibir a satisfacción los elementos contratados hasta tanto el contratista entregue conforme a lo requerido en el contrato. 4. Incluir como requisito de pago en el contrato el recibo a satisfacción de los elementos contratados por parte de la supervisión de la ESU. 5. No realizar el tramite de los pagos que se encuentren pendientes. | V44: 1. Verificar las especificaciones técnicas de los elementos entregados vs los adquiridos. 2. Solicitarle al contratista el cambio de los elementos contratados en caso de que estos no cumplan con las especificaciones técnicas del proceso 3. No recibir a satisfacción los elementos contratados hasta tanto el contratista entregue conforme a lo requerido en el contrato. 4. Incluir como requisito de pago en el contrato el recibo a satisfacción de los elementos contratados por parte de la supervisión de la ESU. 5. No realizar el tramite de los pagos que se encuentren pendientes. | W44: 1. Verificar las especificaciones técnicas de los elementos entregados vs los adquiridos. 2. Solicitarle al contratista el cambio de los elementos contratados en caso de que estos no cumplan con las especificaciones técnicas del proceso 3. No recibir a satisfacción los elementos contratados hasta tanto el contratista entregue conforme a lo requerido en el contrato. 4. Incluir como requisito de pago en el contrato el recibo a satisfacción de los elementos contratados por parte de la supervisión de la ESU. 5. No realizar el tramite de los pagos que se encuentren pendientes. | X44: 1. Verificar las especificaciones técnicas de los elementos entregados vs los adquiridos. 2. Solicitarle al contratista el cambio de los elementos contratados en caso de que estos no cumplan con las especificaciones técnicas del proceso 3. No recibir a satisfacción los elementos contratados hasta tanto el contratista entregue conforme a lo requerido en el contrato. 4. Incluir como requisito de pago en el contrato el recibo a satisfacción de los elementos contratados por parte de la supervisión de la ESU. 5. No realizar el tramite de los pagos que se encuentren pendientes. | Y44: 1. Verificar las especificaciones técnicas de los elementos entregados vs los adquiridos. 2. Solicitarle al contratista el cambio de los elementos contratados en caso de que estos no cumplan con las especificaciones técnicas del proceso 3. No recibir a satisfacción los elementos contratados hasta tanto el contratista entregue conforme a lo requerido en el contrato. 4. Incluir como requisito de pago en el contrato el recibo a satisfacción de los elementos contratados por parte de la supervisión de la ESU. 5. No realizar el tramite de los pagos que se encuentren pendientes. | Z44: 2 | AA44: 2 | AB44: =+Z44+AA44 -> 4 | AC44: Bajo | AD44: Entidad/ Supervisor/ Contratista | AE44: Al inicio de la ejecución del contrato | AF44: A la terminación de la ejecución del contrato | AG44: Seguimiento permanente del Supervisor a la ejecución de las obras en los frentes obligatorios de obra. Seguimiento a informes de obra. Monitoreo permanente del supervisor. | AI44: Permanente del supervisor.
B45: 30 | C45: Específico | D45: Interno | E45: Ejecución | F45: Operacional | G45: Demora o ausencia en la toma de decisiones correspondientes a la supervision, que llegaren a generar efectos económicos al proyecto. | K45: Impacto negativo en la ejecución del proyecto. Desfases económicos en la utilización del presupuesto del proyecto. | L45: Incumplimiento en las especificaciones técnicas exigidas | M45: Incumplimiento en las especificaciones técnicas exigidas | N45: Incumplimiento en las especificaciones técnicas exigidas | O45: 2 | P45: 4 | Q45: =+O45+P45 -> 6 | R45: Alto | S45: Entidad/Supervisor | T45: Control y vigilancia de la ejecución del proyecto por parte del Supervisor. Análisis por parte del supervisor de los problemas que se presenten, apoyándose en su personal, que le permitan adoptar las decisiones correspondientes en forma oportuna y eficaz, para no afectar la ejecución del proyecto. | U45: 1. Verificar las especificaciones técnicas de los elementos entregados vs los adquiridos. 2. Solicitarle al contratista el cambio de los elementos contratados en caso de que estos no cumplan con las especificaciones técnicas del proceso 3. No recibir a satisfacción los elementos contratados hasta tanto el contratista entregue conforme a lo requerido en el contrato. 4. Incluir como requisito de pago en el contrato el recibo a satisfacción de los elementos contratados por parte de la supervisión de la ESU. 5. No realizar el tramite de los pagos que se encuentren pendientes. | V45: 1. Verificar las especificaciones técnicas de los elementos entregados vs los adquiridos. 2. Solicitarle al contratista el cambio de los elementos contratados en caso de que estos no cumplan con las especificaciones técnicas del proceso 3. No recibir a satisfacción los elementos contratados hasta tanto el contratista entregue conforme a lo requerido en el contrato. 4. Incluir como requisito de pago en el contrato el recibo a satisfacción de los elementos contratados por parte de la supervisión de la ESU. 5. No realizar el tramite de los pagos que se encuentren pendientes. | W45: 1. Verificar las especificaciones técnicas de los elementos entregados vs los adquiridos. 2. Solicitarle al contratista el cambio de los elementos contratados en caso de que estos no cumplan con las especificaciones técnicas del proceso 3. No recibir a satisfacción los elementos contratados hasta tanto el contratista entregue conforme a lo requerido en el contrato. 4. Incluir como requisito de pago en el contrato el recibo a satisfacción de los elementos contratados por parte de la supervisión de la ESU. 5. No realizar el tramite de los pagos que se encuentren pendientes. | X45: 1. Verificar las especificaciones técnicas de los elementos entregados vs los adquiridos. 2. Solicitarle al contratista el cambio de los elementos contratados en caso de que estos no cumplan con las especificaciones técnicas del proceso 3. No recibir a satisfacción los elementos contratados hasta tanto el contratista entregue conforme a lo requerido en el contrato. 4. Incluir como requisito de pago en el contrato el recibo a satisfacción de los elementos contratados por parte de la supervisión de la ESU. 5. No realizar el tramite de los pagos que se encuentren pendientes. | Y45: 1. Verificar las especificaciones técnicas de los elementos entregados vs los adquiridos. 2. Solicitarle al contratista el cambio de los elementos contratados en caso de que estos no cumplan con las especificaciones técnicas del proceso 3. No recibir a satisfacción los elementos contratados hasta tanto el contratista entregue conforme a lo requerido en el contrato. 4. Incluir como requisito de pago en el contrato el recibo a satisfacción de los elementos contratados por parte de la supervisión de la ESU. 5. No realizar el tramite de los pagos que se encuentren pendientes. | Z45: 2 | AA45: 2 | AB45: =+Z45+AA45 -> 4 | AC45: Bajo | AD45: Entidad -Supervisor | AE45: Al inicio de la ejecución del contrato | AF45: A la terminación de la ejecución del contrato | AG45: Control y vigilancia permanente del supervisor a la ejecución de la obra, de manera que detecte a tiempo los problemas que se presenten, los analice y los resuelva oportunamente. | AI45: Permanente en la ejecución de la obra.
B46: 31 | C46: General | D46: Externo | E46: Ejecución | F46: Operacional | G46: No concurrencia del contratista para suscribir el documento de liquidación | K46: Dilatación y dificultades en el cierre del contrato. Inestabilidad juridica de la relación contractual. | L46: Incumplimiento del contrato | M46: Incumplimiento del contrato | N46: Incumplimiento del contrato | O46: 3 | P46: 2 | Q46: =+O46+P46 -> 5 | R46: Medio | S46: Contratista | T46: 1. Acompañamiento del área jurídica para hacer efectiva la liquidación del contrato. 2. Liquidar unilateralmente el contrato en caso de que no pueda ser tramitada la liquidación bilateral. | U46: 1. Acompañamiento del área jurídica para hacer efectiva la liquidación del contrato. 2. Liquidar unilateralmente el contrato en caso de que no pueda ser tramitada la liquidación bilateral. | V46: 1. Acompañamiento del área jurídica para hacer efectiva la liquidación del contrato. 2. Liquidar unilateralmente el contrato en caso de que no pueda ser tramitada la liquidación bilateral. | W46: 1. Acompañamiento del área jurídica para hacer efectiva la liquidación del contrato. 2. Liquidar unilateralmente el contrato en caso de que no pueda ser tramitada la liquidación bilateral. | X46: 1. Acompañamiento del área jurídica para hacer efectiva la liquidación del contrato. 2. Liquidar unilateralmente el contrato en caso de que no pueda ser tramitada la liquidación bilateral. | Y46: 1. Acompañamiento del área jurídica para hacer efectiva la liquidación del contrato. 2. Liquidar unilateralmente el contrato en caso de que no pueda ser tramitada la liquidación bilateral. | Z46: 1 | AA46: 2 | AB46: =+Z46+AA46 -> 3 | AC46: Bajo | AD46: Entidad | AE46: A la terminacion del contrato | AF46: Liquidacion | AG46: Reuniones periodicas supervision y Contratista. Requerimientos permanentes y oportunos al contratista para que se presente a liquidar. | AI46: En la liquidación del contrato
B47: 32 | C47: Específico | D47: Interno | E47: Ejecución | F47: Operacional | G47: Ejecución de mayores cantidades de obra no autorizadas, por materiales y/o procedimientos constructivos inadecuados, y/o por deficiente programación de ejecución de las obras | K47: Mayores costos y plazos | O47: 2 | P47: 2 | Q47: =+O47+P47 -> 4 | R47: Bajo | S47: Contratista | T47: Interventoría permanente en la ejecución de las obras, para controlar obras autorizadas, materiales, procedimientos constructivos , ajustados a las obras requeridas y especificaciones técnicas contractuales. | Z47: 1 | AA47: 1 | AB47: =+Z47+AA47 -> 2 | AC47: Bajo | AD47: Entidad -Interventor | AE47: Planeación | AF47: Ejecución | AG47: Supervision del Distrito y reuniones períodicas supervisión - Contratista | AI47: Diario
B48: 33 | C48: Específico | D48: Interno | E48: Ejecución | F48: Operacional | G48: Ejecución de mayores cantidades de obra por reparaciones: la Entidad asume las variaciones de las cantidades de obra técnicamente requeridas para la ejecución del proyecto y el Contratista asume el riesgo de ejecutar las cantidades de obra en las variaciones que sean necesarias sin afectar el plazo del contrato. | K48: Mayores costos y plazos | O48: 3 | P48: 3 | Q48: =+O48+P48 -> 6 | R48: Medio | S48: Contratista/Entidad | T48: Cálculo real de las cantidades confrontadas en sitio de obras, así como inclusión del ítem suministro e instalación, lo cual implica la responsabilidad de instalar los elementos adquiridos bajo cuenta y riesgo del Contratista. En los demás casos, se pagará a los precios de los ítem contractuales que se utilicen para su ejecución. | Z48: 1 | AA48: 1 | AB48: =+Z48+AA48 -> 2 | AC48: Bajo | AD48: Entidad/ Supervisor/ | AE48: Al inicio de la ejecución del contrato | AF48: Terminacion del contrato. | AG48: Control permanente por parte del supervispr y aprobación del Distrito, de las reparaciones identificadas y solicitadas y del cumplimiento de especificaciones técnicas. | AI48: Diario
B49: 34 | C49: General | D49: Externo | E49: Ejecución | F49: Operacional | G49: Variación de precios (No regulados): fluctuación de precios y/o reajustes ocasionados durante la ejecución del contrato en el costo de insumos, tarifas, jornales, materiales, asesorias, honorarios, etc. no regulados por el Gobierno | K49: Mayores costos | O49: 2 | P49: 2 | Q49: =+O49+P49 -> 4 | R49: Bajo | S49: Contratista | T49: Contratación con el fin de que el contratista adquiera y contemple las condiciones de almacén de la materia prima, los costos de compra y almacén y con cargo al porcentaje de Administración del contrato, disminuyendo las fluctuaciones y especificaciones del mercado. Adicionalmente, la celebración de un contrato a precios unitarios, los cuales debe mantener el Contratista seleccionado, a menos que el incremento sea producto de la regulación del Gobierno nacional o local. | Z49: 1 | AA49: 1 | AB49: =+Z49+AA49 -> 2 | AC49: Bajo | AD49: Entidad | AE49: Planeación | AF49: Ejecución | AG49: Supervisión del Distrito y reuniones períodicas supervision - Contratista | AI49: Plazo de ejecución
B50: 35 | C50: General | D50: Externo | E50: Ejecución | F50: Operacional | G50: Sobre ejecución por parte del contratista en el desarrollo de sus obligaciones. | K50: Incumplimiento del contrato | O50: 1 | P50: 4 | Q50: =+O50+P50 -> 5 | R50: Medio | S50: Contratista/Entidad | T50: Acompañamiento desde el área jurídica respecto al proceder que se debe implementar en caso de la materialización del riesgo | U50: Acompañamiento desde el área jurídica respecto al proceder que se debe implementar en caso de la materialización del riesgo | V50: Acompañamiento desde el área jurídica respecto al proceder que se debe implementar en caso de la materialización del riesgo | W50: Acompañamiento desde el área jurídica respecto al proceder que se debe implementar en caso de la materialización del riesgo | X50: Acompañamiento desde el área jurídica respecto al proceder que se debe implementar en caso de la materialización del riesgo | Y50: Acompañamiento desde el área jurídica respecto al proceder que se debe implementar en caso de la materialización del riesgo | Z50: 1 | AA50: 2 | AB50: =+Z50+AA50 -> 3 | AC50: Bajo | AD50: Entidad/ Supervisor/ Contratista | AE50: Al inicio de la ejecución del contrato | AF50: Ajuste de las actividades del contratista | AG50: Supervision y reuniones períodicas supervision -Contratista. | AI50: Semanal
B51: 36 | C51: General | D51: Externo | E51: Ejecución | F51: Operacional | G51: Incumplimiento del plazo contractual por circunstancias imputables al contratista y que generen demoras en el desarrollo de las actividades objeto del contrato | K51: Demoras en la entrega de actividades. Incumplimiento del contrato | L51: Demoras en la prestación del servicio o en la adquisición de los elementos requeridos por parte del cliente. Incumplimiento del contrato | M51: Demoras en la prestación del servicio o en la adquisición de los elementos requeridos por parte del cliente. Incumplimiento del contrato | N51: Demoras en la prestación del servicio o en la adquisición de los elementos requeridos por parte del cliente. Incumplimiento del contrato | O51: 3 | P51: 5 | Q51: =+O51+P51 -> 8 | R51: Extremo | S51: Contratista | T51: 1. Se establecen alternativas de solución para la entrega oportuna de los ítems adquiridos o del objeto contractual. 2. Se requiere al contratista en caso de que se evidencie que se están presentando demoras en la entrega de las actividades contratadas. 3. Se informa a la aseguradora los requerimientos realizados al contratista. | U51: 1. Se establecen alternativas de solución para la entrega oportuna de los ítems adquirido o de la prestación del servicio 2. Se requiere al contratista en caso de que se evidencie que se están presentando demoras en la entrega de los elementos contratos. 3. Se informa a la aseguradora los requerimientos realizados al contratista. | V51: 1. Se establecen alternativas de solución para la entrega oportuna de los ítems adquirido o de la prestación del servicio 2. Se requiere al contratista en caso de que se evidencie que se están presentando demoras en la entrega de los elementos contratos. 3. Se informa a la aseguradora los requerimientos realizados al contratista. | W51: 1. Se establecen alternativas de solución para la entrega oportuna de los ítems adquirido o de la prestación del servicio 2. Se requiere al contratista en caso de que se evidencie que se están presentando demoras en la entrega de los elementos contratos. 3. Se informa a la aseguradora los requerimientos realizados al contratista. | X51: 1. Se establecen alternativas de solución para la entrega oportuna de los ítems adquirido o de la prestación del servicio 2. Se requiere al contratista en caso de que se evidencie que se están presentando demoras en la entrega de los elementos contratos. 3. Se informa a la aseguradora los requerimientos realizados al contratista. | Y51: 1. Se establecen alternativas de solución para la entrega oportuna de los ítems adquirido o de la prestación del servicio 2. Se requiere al contratista en caso de que se evidencie que se están presentando demoras en la entrega de los elementos contratos. 3. Se informa a la aseguradora los requerimientos realizados al contratista. | Z51: 2 | AA51: 3 | AB51: =+Z51+AA51 -> 5 | AC51: Medio | AD51: Entidad/ Supervisor/ Contratista | AE51: Al inicio de la ejecución del contrato | AF51: Ajuste del cronograma de actividades | AG51: Supervision y reuniones períodicas supervision -Contratista. | AI51: Semanal
B52: 37 | C52: General | D52: Externo | E52: Ejecución | F52: Operacional | G52: Entrega de elementos y actividades sin cumplir con las especificaciones técnicas requeridas. | K52: Incumplimiento en las especificaciones técnicas exigidas - mala calidad de las obras ejecutadas. | L52: Incumplimiento en las especificaciones técnicas exigidas | M52: Incumplimiento en las especificaciones técnicas exigidas | N52: Incumplimiento en las especificaciones técnicas exigidas | O52: 2 | P52: 2 | Q52: =+O52+P52 -> 4 | R52: Bajo | S52: Contratista | T52: 1. Verificar las especificaciones técnicas de los elementos y actividades ejecutadas vs contratadas. 2. Solicitarle al contratista el cambio de los elementos o actividades contratadas en caso de que estos no cumplan con las especificaciones técnicas del proceso. 3. No recibir a satisfacción los elementos o actividades contratadas hasta tanto el contratista las entregue conforme a lo requerido en el contrato. 4. Incluir como requisito de pago en el contrato el recibo a satisfacción de los elementos o actividades contratadas por parte de la interventoría de la entidad. 5. No realizar el tramite de los pagos que se encuentren pendientes hasta que se reciban las obras a satisfacción, con calidad y especificaciones tecnicas exigidas.. | U52: 1. Verificar las especificaciones técnicas de los elementos entregados vs los adquiridos. 2. Solicitarle al contratista el cambio de los elementos contratados en caso de que estos no cumplan con las especificaciones técnicas del proceso 3. No recibir a satisfacción los elementos contratados hasta tanto el contratista entregue conforme a lo requerido en el contrato. 4. Incluir como requisito de pago en el contrato el recibo a satisfacción de los elementos contratados por parte de la supervisión de la ESU. 5. No realizar el tramite de los pagos que se encuentren pendientes. | V52: 1. Verificar las especificaciones técnicas de los elementos entregados vs los adquiridos. 2. Solicitarle al contratista el cambio de los elementos contratados en caso de que estos no cumplan con las especificaciones técnicas del proceso 3. No recibir a satisfacción los elementos contratados hasta tanto el contratista entregue conforme a lo requerido en el contrato. 4. Incluir como requisito de pago en el contrato el recibo a satisfacción de los elementos contratados por parte de la supervisión de la ESU. 5. No realizar el tramite de los pagos que se encuentren pendientes. | W52: 1. Verificar las especificaciones técnicas de los elementos entregados vs los adquiridos. 2. Solicitarle al contratista el cambio de los elementos contratados en caso de que estos no cumplan con las especificaciones técnicas del proceso 3. No recibir a satisfacción los elementos contratados hasta tanto el contratista entregue conforme a lo requerido en el contrato. 4. Incluir como requisito de pago en el contrato el recibo a satisfacción de los elementos contratados por parte de la supervisión de la ESU. 5. No realizar el tramite de los pagos que se encuentren pendientes. | X52: 1. Verificar las especificaciones técnicas de los elementos entregados vs los adquiridos. 2. Solicitarle al contratista el cambio de los elementos contratados en caso de que estos no cumplan con las especificaciones técnicas del proceso 3. No recibir a satisfacción los elementos contratados hasta tanto el contratista entregue conforme a lo requerido en el contrato. 4. Incluir como requisito de pago en el contrato el recibo a satisfacción de los elementos contratados por parte de la supervisión de la ESU. 5. No realizar el tramite de los pagos que se encuentren pendientes. | Y52: 1. Verificar las especificaciones técnicas de los elementos entregados vs los adquiridos. 2. Solicitarle al contratista el cambio de los elementos contratados en caso de que estos no cumplan con las especificaciones técnicas del proceso 3. No recibir a satisfacción los elementos contratados hasta tanto el contratista entregue conforme a lo requerido en el contrato. 4. Incluir como requisito de pago en el contrato el recibo a satisfacción de los elementos contratados por parte de la supervisión de la ESU. 5. No realizar el tramite de los pagos que se encuentren pendientes. | Z52: 1 | AA52: 1 | AB52: =+Z52+AA52 -> 2 | AC52: Bajo | AD52: Entidad/ Supervisor/ Contratista | AE52: Al inicio de la ejecución del contrato | AF52: Acta de recibo final a satisfaccion | AG52: Supervision y reuniones períodicas supervision -Contratista. | AI52: Semanal
B53: 38 | C53: General | D53: Externo | E53: Ejecución | F53: Operacional | G53: Modificación de especificaciones TECNICAS. | K53: Retrasos en la ejecución de las actividades objeto del presente proceso de selección. Mayores costos y plazos. | O53: 2 | P53: 2 | Q53: =+O53+P53 -> 4 | R53: Bajo | S53: Entidad | T53: Señalar en los estudios previos y anexo tecnico del presente proceso de seleccion las especificaciones tecnicas adecuadas para ejecutar el contrato. | U53: 1. Verificar las especificaciones técnicas de los elementos entregados vs los adquiridos. 2. Solicitarle al contratista el cambio de los elementos contratados en caso de que estos no cumplan con las especificaciones técnicas del proceso 3. No recibir a satisfacción los elementos contratados hasta tanto el contratista entregue conforme a lo requerido en el contrato. 4. Incluir como requisito de pago en el contrato el recibo a satisfacción de los elementos contratados por parte de la supervisión de la ESU. 5. No realizar el tramite de los pagos que se encuentren pendientes. | V53: 1. Verificar las especificaciones técnicas de los elementos entregados vs los adquiridos. 2. Solicitarle al contratista el cambio de los elementos contratados en caso de que estos no cumplan con las especificaciones técnicas del proceso 3. No recibir a satisfacción los elementos contratados hasta tanto el contratista entregue conforme a lo requerido en el contrato. 4. Incluir como requisito de pago en el contrato el recibo a satisfacción de los elementos contratados por parte de la supervisión de la ESU. 5. No realizar el tramite de los pagos que se encuentren pendientes. | W53: 1. Verificar las especificaciones técnicas de los elementos entregados vs los adquiridos. 2. Solicitarle al contratista el cambio de los elementos contratados en caso de que estos no cumplan con las especificaciones técnicas del proceso 3. No recibir a satisfacción los elementos contratados hasta tanto el contratista entregue conforme a lo requerido en el contrato. 4. Incluir como requisito de pago en el contrato el recibo a satisfacción de los elementos contratados por parte de la supervisión de la ESU. 5. No realizar el tramite de los pagos que se encuentren pendientes. | X53: 1. Verificar las especificaciones técnicas de los elementos entregados vs los adquiridos. 2. Solicitarle al contratista el cambio de los elementos contratados en caso de que estos no cumplan con las especificaciones técnicas del proceso 3. No recibir a satisfacción los elementos contratados hasta tanto el contratista entregue conforme a lo requerido en el contrato. 4. Incluir como requisito de pago en el contrato el recibo a satisfacción de los elementos contratados por parte de la supervisión de la ESU. 5. No realizar el tramite de los pagos que se encuentren pendientes. | Y53: 1. Verificar las especificaciones técnicas de los elementos entregados vs los adquiridos. 2. Solicitarle al contratista el cambio de los elementos contratados en caso de que estos no cumplan con las especificaciones técnicas del proceso 3. No recibir a satisfacción los elementos contratados hasta tanto el contratista entregue conforme a lo requerido en el contrato. 4. Incluir como requisito de pago en el contrato el recibo a satisfacción de los elementos contratados por parte de la supervisión de la ESU. 5. No realizar el tramite de los pagos que se encuentren pendientes. | Z53: 1 | AA53: 1 | AB53: =+Z53+AA53 -> 2 | AC53: Bajo | AD53: Entidad | AE53: Planeación | AF53: Contratación | AG53: Revisión por parte del equipo de contratación - UIC - | AI53: Diario durante el proceso de planeacion y contratación
B54: 39 | C54: General | D54: Externo | E54: Ejecución | F54: Operacional | G54: Incumplimiento en la ejecucion del contrato con relación a las obligaciones del sistema de riesgos laborales y salud ocupacional de conformidad con la ley 1562 de 2012 reglamentada por el decreto 723 de 2013. | K54: Condiciones de trabajo inadecuadas que afecta el medio ambiente y la salud en el trabajo. Demandas laborales por accidentes de trabajo, enfermedades profesionales y licencias. Demandas judiciales en contra del Distrito. | O54: 3 | P54: 3 | Q54: =+O54+P54 -> 6 | R54: Alto | S54: Contratista | T54: Verificar el cumplimiento en la ejecucion del contrato de las obligaciones del sistema de riesgos laborales y salud ocupacional de conformidad con la ley 1562 de 2012 reglamentada por el decreto 723 de 2013. | Z54: 1 | AA54: 2 | AB54: =+Z54+AA54 -> 3 | AC54: Bajo | AD54: Entidad/ Supervisor/ Contratista | AE54: En la Ejecucion del Contrato | AF54: En la terminación del contrato | AG54: Informes de seguimiento semanal Semanal | AI54: Semanal
B55: 40 | C55: General | D55: Externo | E55: Ejecución | F55: Operacional | G55: Riesgo presentado por accidentalidad y/o muerte de personal del contratista desde la adjudicación y/o durante la ejecución del contrato, por causas externas al proyecto o por ausencia o falta o deficiencia del sistema de seguridad industrial y ocupacional. | K55: Sobrecostos y retrasos en la ejecucion de las actividades objeto del presente proceso de selección. | O55: 3 | P55: 1 | Q55: =+O55+P55 -> 4 | R55: Bajo | S55: Contratista | T55: Implementación de un plan de seguridad industrial y ocupacional de acuerdo con las normas y reglamentos vigentes. Tomar todas aquellas precauciones necesarias para evitar que se produzcan en las zonas de sus campamentos de trabajo, accidentes o condiciones insalubres; así como dotar a su personal y asegurar el uso adecuado de los elementos de protección personal (EPP). Tomar todas las medidas requeridas para trabajos en altura. | Z55: 2 | AA55: 1 | AB55: =+Z55+AA55 -> 3 | AC55: Bajo | AD55: Entidad/ Supervisor/ Contratista | AE55: Etapa Ejecución | AF55: En la terminación del contrato | AG55: Informes de seguimiento del contrato. - El Contratista está obligado al seguimiento y constancia de la utilización de los implementos de seguridad y señalización, también deberá garantizar que los trabajos a desarrollarse en alturas sean ejecutados por personal calificado en caso de que este sea necesario. | AI55: Periodico
B56: 41 | C56: General | D56: Externo | E56: Ejecución | F56: Económico | G56: Limitación, Escasez de cualquier tipo de material, maquinarias o insumos para la ejecución de las actividades objeto del presente contrato. | K56: Mayores plazos de ejecución del contrato en sus diferentes etapas - Impacto negativo en el desarrollo del objeto contractual. | O56: 2 | P56: 2 | Q56: =+O56+P56 -> 4 | R56: Bajo | S56: Contratista | T56: Contratación con el fin de que el Contratista adquiera y contemple las condiciones de almacén de la materia prima, los costos de compra y almacén y con cargo al porcentaje de Administración del contrato, disminuyendo el riesgo por desabastecimiento. Así mismo el Contratista debe prever planes de contingencia para evitar este tipo de riesgo, por ser la parte con conocimiento del mercado. | Z56: 1 | AA56: 1 | AB56: =+Z56+AA56 -> 2 | AC56: Bajo | AD56: Entidad/ Supervisor/ Contratista | AE56: Al inicio de la ejecución del contrato | AF56: A la terminación de la ejecución del contrato | AG56: Verificación de consecución de materiales e insumos de acuerdo con requerimientos del proyecto. Retroalimentación en los procedimientos adelantados por los responsables del tratamiento | AI56: Semanal
B57: 42 | C57: General | D57: Externo | E57: Ejecución | F57: Económico | G57: Retraso en los pagos por parte de la Entidad. Ocurre en aquellos casos, cuando la entidad sin justa causa y a pesar del cumplimiento del lleno de los requisitos para el pago de las obras ejecutadas y recibidas, incurre en mora en los mismos. | K57: Dificulta de manera baja el cumplimiento del objeto del contrato. Afecta economicamente al contratista. Posibilidad de que el contratista solicite la liquidación del contrato. Posibles demandas en contra de la entidad y pagos de intereses, generando detrimento del erario publico. | O57: 2 | P57: 3 | Q57: =+O57+P57 -> 5 | R57: Medio | S57: Entidad | T57: Control por parte de la entidad, la supervision asignada para el pago oportuno. | Z57: 1 | AA57: 1 | AB57: =+Z57+AA57 -> 2 | AC57: Bajo | AD57: Entidad | AE57: Al inicio de la ejecución del contrato | AF57: A la terminación de la ejecución y liquidación del contrato | AG57: Seguimiento y revision de cuentas radicadas y pagadas. | AI57: Durante la etapa de ejecución, terminacion y liquidación del contrato
B58: 43 | C58: General | D58: Interno | E58: Planeación | F58: Financiero | G58: Deficiencias en la programación mensualizada de caja de las fuentes de financiación relacionadas en el certificado de disponibilidad presupuestal - CDP que soporta la inversión. | K58: Afectación del balance economico del contrato, detrimento patrimonial, demandas, sanciones displinarias, fiscales y pago de intereses | O58: 3 | P58: 5 | Q58: =+O58+P58 -> 8 | R58: Extremo | S58: Entidad | T58: Velar por el estricto cumplimiento de la programación mensualizada de caja de las fuentes de financiación relacionadas en el certificado de disponibilidad presupuestal- CDP que soporta la inversión. | Z58: 1 | AA58: 1 | AB58: =+Z58+AA58 -> 2 | AC58: Bajo | AD58: Entidad | AE58: Planeación | AF58: A la liquidación del contrato | AG58: Seguimiento y revision de cuentas radicadas y pagadas. Adecuado control y vigilancia del programa mensualizado de caja del contrato. | AI58: Durante la etapa de Planeación hasta la etapa de liquidacion.
B59: 44 | C59: Específico | D59: Externo | E59: Ejecución | F59: Financiero | G59: Insolvencia o iliquidez del Contratista para cumplir con la programación de obra o plan de trabajo propuesto de las obras objeto del presente proceso de selección. | K59: Incumplimiento de las obligaciones contractuales. | O59: 1 | P59: 4 | Q59: =+O59+P59 -> 5 | R59: Medio | S59: Contratista | T59: Exigir en los estudios previos, anexo tecnico y minuta del presente proceso de selección indicadores financieros, tecnicos adecuados con el fin de lograr contratar un oferente con excelente capacidad financiera y flujo de caja. Las condiciones de habilitación y requisitos exigidos debe ser los optimos para brindar seguridad financiera al Distrito. | Z59: 1 | AA59: 2 | AB59: =+Z59+AA59 -> 3 | AC59: Bajo | AD59: Entidad | AE59: Planeación | AF59: Contratación | AG59: Equipo de trabjato Unidad Interna de Contratación - UIC. | AI59: Diario durante el proceso de planeacion y contratación
B60: 45 | C60: General | D60: Externo | E60: Ejecución | F60: Regulatorio | G60: Por cambios normativos o por la expedición de normas posteriores al cierre del proceso de contratación, que afecten las condiciones económicas y/o técnicas inicialmente pactadas. | K60: Afectación del desarrollo del contrato previsto con la normatividad existente al cierre del proceso de selección | O60: 2 | P60: 3 | Q60: =+O60+P60 -> 5 | R60: Medio | S60: Entidad | T60: Proceso precontractual con las normas aplicables vigentes. Revisión de los cambios sustanciales de normas que se produzcan posterior al cierre del proceso de contratacion que afecten el normal desarrollo del contrato, con el fin de estudiar los ajustes pertinentes a que hubiere lugar. | Z60: 1 | AA60: 1 | AB60: =+Z60+AA60 -> 2 | AC60: Bajo | AD60: Entidad | AE60: Planeación | AF60: Contratación | AG60: Seguimiento a la implementación de la nueva normatividad que aplique al proyecto, y a las medidas tomadas para mitigar su efecto en el contrato. Informes, requerimientos escritos. | AI60: Mensual
B61: 46 | C61: General | D61: Externo | E61: Ejecución | F61: Regulatorio | G61: Las variaciones en la legislación tributaria tales como: tarifas impositivas, creación de nuevos impuestos, la supresión o modificación de los existentes y en general cualquier evento que modifique las condiciones tributarias existentes al momento de la presentación de la Propuesta | K61: Mayores costos y desequilibrio economico. | O61: 2 | P61: 3 | Q61: =+O61+P61 -> 5 | R61: Medio | S61: Entidad | T61: Verificación de la formula de reajuste económico | Z61: 1 | AA61: 1 | AB61: =+Z61+AA61 -> 2 | AC61: Bajo | AD61: Entidad | AE61: Al inicio de la ejecución del contrato | AF61: A la liquidación del contrato. | AG61: Informes mensuales financieros por parte del contratista, seguimiento del supervisor. | AI61: Cuando se presenta el evento
B62: 47 | C62: General | D62: Externo | E62: Ejecución | F62: Ambiental | G62: Gestión ambiental: demora en la obtención o modificación de licencias de explotación comercial o permisos por inadecuada presentación de soportes y estudios | K62: Mayores costos y plazos | O62: 2 | P62: 3 | Q62: =+O62+P62 -> 5 | R62: Medio | S62: Contratista | T62: Seguimiento por parte del supervisor a la gestión documentada del Contratista para la obtención de licencias, permisos y autorizaciones ambientales. Reuniones con las autoridades ambientales programadas por el Contratista. | Z62: 1 | AA62: 1 | AB62: =+Z62+AA62 -> 2 | AC62: Bajo | AD62: Entidad/ Supervisor/ Contratista | AE62: Al inicio de la ejecución del contrato | AF62: Una vez obtenida la licencia, permiso y/o autorización | AG62: Verificación de la gestión realizada y sus resultados, por parte del supervisor. Comités técnicos, seguimiento a informes ambientales por parte de la supervision, requerimientos escritos, retroalimentación en los procedimientos adelantados por los responsables del tratamiento. | AI62: Semanal
B63: 48 | C63: General | D63: Externo | E63: Ejecución | F63: Ambiental | G63: Pasivos ambientales: pasivos ambientales generados en el proceso constructivo, desde el punto de vista ambiental; pasivos administrativos generados por el no cumplimiento de obligaciones de la cesión de licencias y permisos ambientales | K63: Impacto negativo por efectos en la ejecución del proyecto; procesos sancionatorios por parte de la autoridad ambiental | O63: 1 | P63: 2 | Q63: =+O63+P63 -> 3 | R63: Bajo | S63: Contratista | T63: Seguimiento por parte del supervisor a los procesos constructivos, para evitar que se generen pasivos ambientales por esta causa, acompañamiento de especialistas ambientales del proyecto cuando sea necesario. Una vez causados, exigir el cumplimiento de las medidas compensatorias de los mismos impuestas por la autoridad ambiental. De ser necesario llevar a cabo procesos sancionatorios para conminar su cumplimiento o sancionar el incumplimiento. | Z63: 1 | AA63: 1 | AB63: =+Z63+AA63 -> 2 | AC63: Bajo | AD63: Entidad/ Supervisor/ Contratista | AE63: Al inicio de la ejecución del contrato | AF63: A la terminación de la ejecución del contrato | AG63: Comités técnicos, seguimiento a informes ambientales por parte de la supervision, requerimientos escritos, retroalimentación en los procedimientos adelantados por los responsables del tratamiento | AI63: Semanal
B64: 49 | C64: General | D64: Externo | E64: Ejecución | F64: Ambiental | G64: Ambiental: riesgos derivados de las obligaciones que emanan de las licencias ambientales, de los planes de manejo ambiental, de los permisos y autorizaciones ambientales, tasas retributivas y compensatorias, obligaciones de mitigación, tareas de monitoreo, control y seguimiento. También riesgos de las condiciones ambientales o ecológicas, y de la ejecución de actividades como la explotación minera, ocupación de cauces e intervenciones forestales sin los debidos permisos de las autoridades ambientales. | K64: Genera incumplimiento ambiental que puede afectar la ejecución del proyecto y ocasiona sanciones de las entidades ambientales competentes | O64: 2 | P64: 4 | Q64: =+O64+P64 -> 6 | R64: Alto | S64: Contratista | T64: Aplicación de la normatividad ambiental y exigencia de la licencia y/o permisos y/o autorizaciones ambientales al Contratista. Verificación de cumplimiento del Contratista de las obligaciones que emanan de los mismos. De ser necesario llevar a cabo procesos sancionatorios para conminar su cumplimiento o sancionar el incumplimiento. | Z64: 1 | AA64: 2 | AB64: =+Z64+AA64 -> 3 | AC64: Bajo | AD64: Entidad/ Supervisor/ Contratista | AE64: Al inicio de la ejecución del contrato | AF64: A la liquidación del contrato con el cierre ambiental | AG64: Verificación del cumplimiento de las normas ambientales y de las obligaciones ambientales del contratista. Visitas e informes de los especialistas ambientales del proyecto. Informes en cuanto a la parte ambiental. Requerimientos escritos. Retroalimentación en los procedimientos adelantados por los responsables del tratamiento. | AI64: Mensual
B65: 50 | C65: General | D65: Externo | E65: Ejecución | F65: Ambiental | G65: Ambiental: requerimientos adicionales de autoridades ambientales o dla Entidad para la protección del medio ambiente, la corrección de problemas detectados a lo largo de todo el proyecto, o la realización de obras ambientales complementarias y/o necesarias. Riesgo que asume el Contratista en el sentido de su deber de realizar la ejecución de las actividades, y riesgo que asume el Distrito mediante el pago de las actividades que sean objeto de pago. Para ello procede inclusive el procedimiento reglado en el acta de modificación de cantidades de obra y la modificación de provisiones | K65: Genera incumplimiento ambiental que puede afectar la ejecución del proyecto y ocasiona sanciones de las entidades ambientales competentes | O65: 2 | P65: 4 | Q65: =+O65+P65 -> 6 | R65: Alto | S65: Contratista/Entidad | T65: Aplicación de la normatividad ambiental y exigencia de la licencia y/o permisos y/o autorizaciones ambientales al Contratista. Verificación de cumplimiento del Contratista de las obligaciones que emanan de los mismos. Realizar una adecuada etapa de preconstrucción. De ser necesario llevar a cabo procesos sancionatorios para conminar su cumplimiento o sancionar el incumplimiento. | Z65: 2 | AA65: 2 | AB65: =+Z65+AA65 -> 4 | AC65: Bajo | AD65: Entidad/ Supervisor/ Contratista | AE65: Al inicio de la ejecución del contrato | AF65: A la liquidación del contrato con el cierre ambiental | AG65: Verificación del cumplimiento de las normas ambientales y de las obligaciones ambientales del contratista. Visitas e informes de los especialistas ambientales del proyecto. Informes en cuanto a la parte ambiental. Requerimientos escritos. Retroalimentación en los procedimientos adelantados por los responsables del tratamiento. | AI65: Mensual
... B74: 59 | C74: General | D74: Externo | E74: Ejecución | F74: Naturaleza | G74: Contagio de COVID-19 al personal involucrado en el proceso de ejecucion de las actividades y/o intervenciones objeto del presente proceso de selección. | K74: Suspensión de las actividades para evitar y prevenir contagios, impacto negativo en el desarrollo del objeto contractual, retrasos en la ejecución del contrato. | O74: 4 | P74: 5 | Q74: =+O74+P74 -> 9 | R74: Extremo | S74: Contratista | T74: Adopción de medidas de bioseguridad implementadas por el Gobierno Nacional. Elaboración plan de implementacion de las medidas de prevención y protocolos de bioseguridad para mitigar la emergencia sanitaria o pandemia para regreso seguro al trabajo con base en las resoluciones, decretos, circulares expedidas por el gobierno nacional. Esta situación debe ser incluida dentro de los gastos de administración del contratista. | Z74: 3 | AA74: 2 | AB74: =+Z74+AA74 -> 5 | AC74: Medio | AD74: Entidad/ Supervisor/ Contratista | AE74: Al inicio de la ejecución del contrato | AF74: A la terminación de la ejecución del contrato | AG74: Seguimiento y control permanente por parte del supervisor asignado. A partir de la detección de las acciones se toman las medidas a seguir. | AI74: Cuando se presenta el evento

Sheet ANEXO A
A1: ANEXO A | O1: TIPO DE PROCESO: MINIMA CUANTÍA
A2: 3. EVALUACIÓN Y CALIFICACION DEL RIESGO | O2: Adquisición de ayudas humanitarias para apoyar a los afectados por los eventos naturales en el distrito de Santa Cruz De Mompox, Bolívar
A3: MATRIZ DE RIESGOS DEL PROCESO DE CONTRATACIÓN | O3: PRESUPUESTO OFICIAL: | Q3: 49000000
O4: PRESUPUESTO OFICIAL EN LETRAS | Q4: CUARENTA Y NUEVE MILLONES DE PESOS M/CTE
O5: LUGAR DE EJECUCION: | Q5: DISTRITO DE SANTA CRUZ DE MOMPOX
B7: 3.1. PROBABILIDAD DEL RIESGO
F8: CATEGORIA | L8: VALORACIÓN
E9: PROBABILIDAD | F9: Raro ( puede ocurrir excepcionalmente) | L9: 1
F10: Improbable ( puede ocurrir en cualquier momento futuro) | L10: 2
F11: Posible ( puede ocurrir en cualquier momento) | L11: 3
F12: Probable ( probablemente pueda ocurrir) | L12: 4
F13: Casi cierto ( ocurre en la mayoria de circunstancias) | L13: 5
B14: 3.2. IMPACTO DEL RIESGO
J15: IMPACTO
E16: CALIFICACIÓN CUALITATIVA | J16: Obstruye la ejecución del contrato de manera intrascendente | N16: Dificulta la ejecución del contrato de manera baja. Aplicando medidas mínimas se puede lograr el objeto contractual. | O16: Afecta la ejecución del contrato sin altererar el beneficio para las partes. | P16: Obstruye la ejecución del contrato sustancialmente pero aun así permite la consecución del objeto contractual | R16: Perturba la ejecución del contrato de manera grave imposibilitando la consecución del objeto contractual
E17: CALIFICACIÓN MONETARIA | J17: Los sobre costos no representan mas del uno por ciento (1%) el valor del contrato | N17: Los sobrecostos no representan más del cinco por ciento (5 %) del valor del contrato | O17: Genera un impacto sobre el valor del contrato entre el cinco por ciento (5%) y el quince por ciento (15%) del valor del contrato | P17: Incrementa el valor del contrato entre quince por ciento (15%) y el treinta por ciento (30%) | R17: Impacto sobre el valor del contrato en más del treinta por ciento (30%) del valor del contrato
E18: CATEGORIA | H18: VALORACIÓN | J18: INSIGNIFICANTE | N18: MENOR | O18: MODERADO | P18: MAYOR | R18: CATASTROFICO
J19: 1 | N19: 2 | O19: 3 | P19: 4 | R19: 5
B20: 3.3. VALORACIÓN DEL RIESGO
J21: IMPACTO
F22: CALIFICACIÓN CUALITATIVA | J22: Obstruye la ejecución del contrato de manera intrascendente | N22: Dificulta la ejecución del contrato de manera baja. Aplicando medidas mínimas se puede lograr el objeto contractual | O22: Afecta la ejecución del contrato sin altererar el beneficio para las partes | P22: Obstruye la ejecución del contrato sustancialmente pero aun así permite la consecución del objeto contractual | R22: Perturba la ejecución del contrato de manera grave imposibilitando la consecución del objeto contractual
F23: CALIFICACIÓN MONETARIA | J23: =ROUND((+Q3*0.01),0) -> 490000 | N23: =ROUND((Q3*0.05),0) -> 2450000 | O23: =ROUND((Q3*0.15),0) -> 7350000 | P23: =ROUND((Q3*0.3),0) -> 14700000 | R23: =ROUND((Q3*0.31),0) -> 15190000
F24: CATEGORIA | H24: VALORACIÓN | J24: INSIGNIFICANTE | N24: MENOR | O24: MODERADO | P24: MAYOR | R24: CATASTROFICO
J25: 1 | N25: 2 | O25: 3 | P25: 4 | R25: 5
E26: PROBABILIDAD | F26: Raro | H26: 1 | J26: =J25+H26 -> 2 | N26: =H26+N25 -> 3 | O26: =H26+O25 -> 4 | P26: 5 | R26: 6
F27: Improbable | H27: 2 | J27: =H27+J25 -> 3 | N27: =H27+N25 -> 4 | O27: =H27+O25 -> 5 | P27: 6 | R27: 7
F28: Posible | H28: 3 | J28: =H28+J25 -> 4 | N28: =H28+N25 -> 5 | O28: =H28+O25 -> 6 | P28: 7 | R28: 8
F29: Probable | H29: 4 | J29: =H29+J25 -> 5 | N29: =H29+N25 -> 6 | O29: =H29+O25 -> 7 | P29: 8 | R29: 9
F30: Casi cierto | H30: 5 | J30: =H30+J25 -> 6 | N30: =H30+N25 -> 7 | O30: =H30+O25 -> 8 | P30: 9 | R30: 10
B31: 3.4. CATEGORIA DEL RIESGO
F32: VALORACIÓN | H32: CATEGORIA
F33: 10, 9 Y 8 | H33: Riesgo Extremo
F34: 6 Y 7 | H34: Riesgo Alto
F35: 5 | H35: Riesgo Medio
F36: 2,3 Y 4 | H36: Riesgo Bajo
